 Dungeon Crawl Stone Soup version 0.26-a0-606-g3c8f2f65f7 (webtiles) character file.

Game seed: 12527477984605853055

8 Descartes the Skirmisher (level 2, 27/27 HPs)
             Began as a Palentonga Fighter on Sept 2, 2020.
             Got out of the dungeon alive.
             The game lasted 00:01:34 (340 turns).

Descartes the Skirmisher (Palentonga Fighter)        Turns: 340, Time: 00:01:35

Health: 27/27      AC:  6    Str: 19    XL:     2   Next: 0%
Magic:  2/2        EV:  5    Int:  8    God:
Gold:   7          SH:  8    Dex:  9    Spells: 1/1 levels left

rFire    . . .     SeeInvis +   a - +0 trident
rCold    . . .     Faith    .   c - +0 kite shield
rNeg     . . .     Spirit   .   b - +0 scale mail
rPois    .         Reflect  .   (no helmet)
rElec    .         Harm     .   (no cloak)
rCorr    .                      (no gloves)
MR       .....                  (no barding)
Stlth    ..........             (no amulet)
HPRegen  0.09/turn              (no ring)
MPRegen  0.08/turn              (no ring)

@: no status effects
A: large, rugged brown scales 3, see invisible, deformed body, roll, armoured
tail
a: Rolling Charge


You escaped.
You visited 1 branch of the dungeon, and saw 1 of its levels.

You collected 7 gold pieces.

Inventory:

Hand Weapons
 a - a +0 trident (weapon)
Missiles
 e - 19 arrows
 h - 26 poisoned darts (quivered)
 i - 14 stones
Armour
 b - a +0 scale mail (worn)
 c - a +0 kite shield (worn)
Scrolls
 f - a scroll of identify {unknown}
 k - a scroll of amnesia {unknown}
Potions
 d - a potion of might
 g - a potion of invisibility {unknown}
 j - a potion of lignification {unknown}


   Skills:
 + Level 3.2 Fighting
 + Level 1.8 Polearms
 + Level 2.5 Armour
 + Level 2.5 Shields


You had one spell level left.
You didn't know any spells.
Your spell library was empty.

Dungeon Overview and Level Annotations

Branches:
Dungeon (1/15)

Altars:


Innate Abilities, Weirdness & Mutations

You are completely covered in rugged brown scales. (AC +3, +7% HP)
You have supernaturally acute eyesight. (SInv)
Armour fits poorly on your strangely shaped body.
You can roll at foes to attack.
You have a long armoured tail.


Message History

Things that are here:
a +0 dagger; a goblin corpse You see here a hunting sling.
There is a stone staircase leading down here.
Things that are here:
a +0 dagger; a goblin corpse The naga shouts!
The formicid twitches its antennae in your direction.
There is an open door here.
The spriggan shouts!
The draconian roars!
The human shouts!
The orc shouts!
The human shouts!
The minotaur bellows!
The centaur shouts!
The draconian roars! x2
The octopode shouts!
There is a staircase leading out of the dungeon here.
Are you sure you want to leave the Dungeon?
This will make you lose the game!
You have escaped!

### ##@## ######
###...####....##
#x#...#^##.....#
###...#######..#
#d#...#d# #..#
###...#######..######
#c#...#9##...........
####..####..#.#######
#p#..#n##.#..# #


You could see an octopode.

Vanquished Creatures
  A dart slug (D:1)
  4 goblins (D:1)
  A kobold (D:1)
  A rat (D:1)
7 creatures vanquished.

Notes
Turn   | Place    | Note
-------+----------+-------------------------------------------
     0 | D:1      | Descartes the Palentonga Fighter began the quest for the
                  | Orb.
     0 | D:1      | Reached XP level 1. HP: 20/20 MP: 1/1
     0 | D:1      | Noticed an octopode
     1 | D:1      | Noticed a draconian
     1 | D:1      | Noticed a draconian
     4 | D:1      | Noticed a centaur
     4 | D:1      | Noticed a gargoyle
     6 | D:1      | Noticed a ghoul
     7 | D:1      | Noticed a human
     8 | D:1      | Noticed a gargoyle
     9 | D:1      | Noticed an ogre
    11 | D:1      | Noticed a minotaur
    11 | D:1      | Noticed a formicid
    13 | D:1      | Noticed a human
    15 | D:1      | Noticed a formicid
    17 | D:1      | Noticed a draconian
    17 | D:1      | Noticed a spriggan
    17 | D:1      | Noticed a human
    19 | D:1      | Noticed a naga
    21 | D:1      | Noticed an ogre
   228 | D:1      | Reached XP level 2. HP: 27/27 MP: 2/2
   340 | D:$      | Got out of the dungeon alive.

Illustrated notes

Levels and vault maps discovered:
D:1:      shiori_arrival_whats_in_store_for_you, layout_loops_ring,
          wad_floor_pattern_2

Action                   || total
-------------------------++-------
Melee: Trident           ||    16
       Tailslap          ||     1
Armor: Scale mail        ||     2
Dodge: Dodged            ||     2
Block: Kite shield       ||     3

Table legend: (Time is in decaauts)
 A = Elapsed time spent in this place.
 B = Non-inter-level travel time spent in this place.
 C = Inter-level travel time spent in this place.
 D = Time resting spent in this place.
 E = Time spent auto-exploring this place.
 F = Levels seen in this place.
 G = Mean time per level.
                   A        B        C        D        E       F      G
               +--------+--------+--------+--------+--------+-----+--------+
         Total |    344 |    242 |    102 |      0 |    160 |   1 |  344.0 |
       Dungeon |    344 |    242 |    102 |      0 |    160 |   1 |  344.0 |
               +--------+--------+--------+--------+--------+-----+--------+

Top non-repeatable levels by time:
     D:1: 344 daAuts
